 Dungeon Sprint DCSS version 0.23-a0-344-ge122d05 (webtiles) character file.

81 Fang the Skirmisher (level 4, -3/48 HPs)
             Began as a Gargoyle Berserker on Oct 18, 2018.
             Was an Elder of Trog.
             Killed by nerve-wracking pain
             ... invoked by an orc priest
              (4 damage)
             ... in the Dungeon (Sprint VII: "The Pits").
             The game lasted 00:01:29 (370 turns).

Fang the Skirmisher (Gargoyle Berserker)             Turns: 370, Time: 00:01:29

Health: -3/48      AC:  5    Str: 26    XL:     4   Next: 40%
Magic:  4/4        EV: 13    Int:  8    God:    Trog [****..]
Gold:   0          SH:  0    Dex:  9    Spells: 3/3 levels left

rFire    . . .     SeeInvis .   j - +2 hand axe
rCold    . . .     Gourm    .   (no shield)
rNeg     + . .     Faith    .   b - +0 animal skin
rPois    ∞         Spirit   .   (no helmet)
rElec    +         Reflect  .   (no cloak)
rCorr    .         Harm     .   (no gloves)
MR       .....     NoTele   +   (no boots)
Stlth    ..........             (no amulet)
HPRegen  0.16/turn              (no ring)
MPRegen  0.09/turn              (no ring)

@: berserking, very quick
A: negative energy resistance 1, electricity resistance, unbreathing,
petrification resistance, rot immunity, AC +3
a: Berserk, Trog's Hand, Brothers in Arms, Renounce Religion


You were in the Dungeon.
You worshipped Trog.
Trog was greatly pleased with you.
You were not hungry.

You visited 1 branch

Inventory:

Hand Weapons
 j - a +2 hand axe (weapon)
Armour
 b - a +0 animal skin (worn)
Scrolls
 i - a scroll of blinking
 k - 3 scrolls of remove curse
 l - a scroll of summoning
Potions
 a - 2 potions of invisibility
 d - a potion of curing
 e - a potion of heal wounds
 f - a potion of haste
 g - 4 potions of magic
 h - 3 potions of berserk rage
Comestibles
 c - 9 rations


   Skills:
 + Level 6.1 Fighting
 + Level 5.6 Axes
 + Level 3.3 Armour
 + Level 3.1 Dodging


You had 3 spell levels left.
You didn't know any spells.
Your spell library was empty.

Dungeon Overview and Level Annotations

Branches:
Dungeon (1/1)

Altars:
Cheibriados
Dithmenos
Elyvilon
Fedhas
Gozag
Hepliaklqana
Makhleb
Nemelex Xobeh
Okawaru
Qazlal
Ru
Sif Muna
Trog
Vehumet
Wu Jian
Xom
Yredelemnul
Zin
The Shining One
Beogh
Jiyva
Lugonu


Innate Abilities, Weirdness & Mutations

You are resistant to torment.
Your stone body is resilient. (AC +3)
You are immune to poison.
You resist negative energy. (rN+)
You are resistant to electric shocks. (rElec)
You can survive without breathing.
You are immune to petrification.
You are immune to rotting.


Message History

* * * LOW HITPOINT WARNING * * *
You slash the worker ant!
The worker ant is severely wounded.
The worker ant barely misses you.
Unknown command.
You slash the worker ant!
You kill the worker ant!
Trog accepts your kill.
You can now call in reinforcements.
Your Fighting skill increases to level 6!
Your Dodging skill increases to level 3!
You slash the orc priest!
The orc priest mumbles some strange prayers to Beogh against you.
Beogh smites you!
* * * LOW HITPOINT WARNING * * *
Unknown command.
You closely miss the orc priest.
The orc priest is severely wounded.
The orc priest invokes the aid of Beogh against you.
Pain shoots through your body!
You die...

#.?(.')))'.##......#..#
##########.##..........
#..........†'..........
#+#####)#####......#..#
#...#.# #..........
#...#.# ####'#####+
#..)'÷# #.......#
##)#### #.......#
#...@.# #.......#
#...o.# #...<...#
#........ #.......#
#........##.......#
###########.......#
#########


You could see an orc priest.

Vanquished Creatures
  An orc priest (D)
  A worker ant (D)
  2 adders (D)
  3 orcs (D)
  A giant cockroach (D)
  A ball python skeleton (D)
  A bat (D)
  A kobold (D)
11 creatures vanquished.

Notes
Turn   | Place    | Note
-------+----------+-------------------------------------------
     0 | D        | Fang the Gargoyle Berserker began the quest for the Orb.
     0 | D        | Reached XP level 1. HP: 14/14 MP: 1/1
    24 | D        | Reached skill level 4 in Fighting
    24 | D        | Reached XP level 2. HP: 18/20 MP: 2/2
    54 | D        | Found a bloodstained altar of Trog.
    54 | D        | Found a deep blue altar of Sif Muna.
    54 | D        | Found a viscous altar of Jiyva.
    54 | D        | Found a hazy altar of Hepliaklqana.
    54 | D        | Found an opulent altar of Gozag.
    55 | D        | Found a glowing golden altar of the Shining One.
    55 | D        | Found a glowing silver altar of Zin.
    55 | D        | Found a basalt altar of Yredelemnul.
    55 | D        | Found a shimmering altar of Xom.
    55 | D        | Found an ornate altar of the Wu Jian Council.
    55 | D        | Found a sacrificial altar of Ru.
    55 | D        | Found a stormy altar of Qazlal.
    55 | D        | Found an iron altar of Okawaru.
    55 | D        | Found a sparkling altar of Nemelex Xobeh.
    55 | D        | Found a burning altar of Makhleb.
    55 | D        | Found a blossoming altar of Fedhas.
    55 | D        | Found a white marble altar of Elyvilon.
    55 | D        | Found a shadowy altar of Dithmenos.
    55 | D        | Found a snail-covered altar of Cheibriados.
    59 | D        | Found a roughly hewn altar of Beogh.
    59 | D        | Found a corrupted altar of Lugonu.
    59 | D        | Found a radiant altar of Vehumet.
   115 | D        | Reached ** piety under Trog
   352 | D        | Reached XP level 3. HP: 25/25 MP: 3/3
   354 | D        | Reached *** piety under Trog
   354 | D        | Reached skill level 5 in Fighting
   360 | D        | Reached skill level 5 in Axes
   366 | D        | Reached XP level 4. HP: 15/32 MP: 4/4
   368 | D        | Reached **** piety under Trog
   368 | D        | Reached skill level 6 in Fighting
   368 | D        | HP: 1/48 [orc priest/divine providence (12)]
   370 | D        | Killed from afar by an orc priest

Vault maps used:
D:        pitsprint

Skill      XL: |  1  2  3  4 |
---------------+-------------+-----
Fighting       | 4 5 6 |  6.1
Axes           | 3 4 5 |  5.6
Dodging        | 2 3 |  3.1
Armour         | 3 |  3.3

Action                   |  1- 3 |  4- 6 || total
-------------------------+-------+-------++-------
Melee: Hand axe          |    43 |     3 ||    46
Invok: Berserk           |     2 |       ||     2
Armor: Animal skin       |    12 |       ||    12
Dodge: Dodged            |    39 |     1 ||    40

Table legend:
 A = Non-vault XP
 B = Vault XP
 C = Vault XP percentage of total XP
 D = Non-vault monster count
 E = Vault monster count
 F = Vault count percentage of total count
                 A         B        C        D         E       F
            +---------+---------+-------+---------+---------+-------
      Total |       0 |     116 | 100.0 |       0 |      11 | 100.0
            +---------+---------+-------+---------+---------+-------
          D |       0 |     116 | 100.0 |       0 |      11 | 100.0
            +---------+---------+-------+---------+---------+-------
